 Dungeon Crawl Stone Soup version 0.30-a0-4-ga7cffc901d (webtiles) character file.

Game seed: 4607809835787127222

60 Setbun the Sneak (level 4, 0/25 HPs)
             Began as a Kobold Enchanter on Aug 20, 2022.
             Slain by a gnoll
             ... wielding a +0 whip
              (1 damage)
             ... on level 3 of the Dungeon.
             The game lasted 00:01:05 (1844 turns).

Setbun the Sneak (Kobold Enchanter)                 Turns: 1844, Time: 00:01:06

Health: 0/25       AC:  2    Str:  5    XL:     4   Next: 24%
Magic:  7/7        EV: 15    Int: 16    God:
Gold:   93         SH:  0    Dex: 17    Spells: 7/7 levels left

rFire   . . .      SeeInvis .    a - +1 dagger
rCold   . . .      Faith    .    (no shield)
rNeg    . . .      Spirit   .    b - +0 robe
rPois   .          Reflect  .    (no helmet)
rElec   .          Harm     .    (no cloak)
rCorr   .          Rampage  .    (no gloves)
Will    +....                    (no boots)
Stlth   ++++......               (no amulet)
HPRegen 0.08/turn                j - ring of willpower
MPRegen 0.10/turn                (no ring)

@: no status effects
A: small, no large weapons, nightstalker 3
a: no special abilities


You were on level 3 of the Dungeon.
You visited 1 branch of the dungeon, and saw 3 of its levels.

You collected 93 gold pieces.

Inventory:

Hand Weapons
 a - a +1 dagger (weapon)
Armour
 b - a +0 robe (worn)
Jewellery
 j - a ring of willpower (left hand)
 k - a ring of fire
Scrolls
 e - a scroll of acquirement {unknown}
 f - a scroll of identify {unknown}
 h - a scroll of amnesia {unknown}
Potions
 c - 2 potions of invisibility
 d - 2 potions of heal wounds {unknown}
 g - 2 potions of curing {unknown}
 i - 3 potions of haste {unknown}
 l - 3 potions of degeneration {unknown}
 m - a potion of berserk rage {unknown}
 n - a potion of might {unknown}


   Skills:
 + Level 1.0 Fighting
 * Level 3.1 Short Blades
 + Level 2.9 Dodging
 + Level 4.5 Stealth
 + Level 2.4 Spellcasting
 + Level 3.2 Hexes


You had 7 spell levels left.
You didn't know any spells.
Your spell library contained the following spells:

 Spells                   Type           Power      Damage    Failure   Level
 Ensorcelled Hibernation  Hex/Ice        14%        N/A       16%         2
 Confusing Touch          Hex            12%        N/A       16%         3
 Tukima's Dance           Hex            12%        N/A       16%         3
 Dazzling Flash           Conj/Hex       14%        N/A       30%         3


Dungeon Overview and Level Annotations

Branches:
Dungeon (3/15)

Altars:

Shops:
D:2 =


Innate Abilities, Weirdness & Mutations

You are small and have problems with some larger weapons.
You are completely attuned to the shadows.


Message History

You see here a rat corpse.
There is a stone staircase leading down here.
Done exploring.
Done exploring.
No target in view!
Done exploring.
(D) Dungeon
Where to? (Enter - D:2, ? - help)
You climb downwards.
Found a scroll labelled INKEIRESAF.
Found an escape hatch in the floor.
There is a stone staircase leading up here.
There are monsters nearby!
There are monsters nearby!
There are monsters nearby!
There are monsters nearby!
You hit the gnoll.
The gnoll is moderately wounded.
You barely miss the gnoll. Your punch misses the gnoll.
The gnoll is moderately wounded.
The gnoll shouts!
The adder hisses angrily.
The gnoll hits you with a +0 whip!
An adder comes into view.
A giant cockroach comes into view.
You hit the gnoll.
The gnoll is heavily wounded.
The gnoll completely misses you. The gnoll misses you.
You hit the gnoll.
The gnoll is heavily wounded.
The gnoll closely misses you.
The gnoll hits you from afar with a +0 halberd.
You completely miss the gnoll.
The gnoll is heavily wounded.
The gnoll hits you with a +0 flail. The gnoll closely misses you.
The gnoll hits you with a +0 whip.
* * * LOW HITPOINT WARNING * * *
The giant cockroach waves its antennae.
The giant cockroach barely misses you. The giant cockroach barely misses you.
The gnoll hits you with a +0 flail.
* * * LOW HITPOINT WARNING * * *
The gnoll completely misses you. The gnoll hits you with a +0 whip.
You die...

....... .
..... .
.. .g. .>
#..#B#..#
#.Sg@gS.^
#..#.#...
#. ... .#
. ?.... #
#....##


You could see 3 gnolls, 2 adders and a giant cockroach.

Vanquished Creatures
  2 adders (D:2)
  A dart slug (D:1)
  3 bats
  5 endoplasms (D:1)
  2 giant cockroaches (D:1)
  3 hobgoblins
  4 quokkas
  3 ball pythons
  A frilled lizard (D:1)
  A goblin (D:1)
  7 kobolds
  6 rats
38 creatures vanquished.

Notes
Turn   | Place    | Note
-------+----------+-------------------------------------------
     0 | D:1      | Setbun the Kobold Enchanter began the quest for the Orb.
     0 | D:1      | Reached XP level 1. HP: 10/10 MP: 3/3
   451 | D:1      | Reached XP level 2. HP: 3/15 MP: 5/5
   707 | D:1      | Found a faded altar of an unknown god.
   808 | D:1      | Reached XP level 3. HP: 20/20 MP: 6/6
  1381 | D:2      | Found Ajeifa's Jewellery Shoppe.
  1479 | D:2      | Reached skill level 1 in Fighting
  1479 | D:2      | Reached XP level 4. HP: 25/25 MP: 7/7
  1844 | D:3      | HP: 1/25 [gnoll/+0 flail (6)]
  1844 | D:3      | Slain by a gnoll

Illustrated notes

Levels and vault maps discovered:
D:1:      scummos_arrival_hexagon, layout_basic, serial_glass, glass_columns_c,
          glass_columns_a, glass_columns_a, glass_columns_a, glass_columns_b,
          shapermc_ecumenical_altar_starsandcircs
D:2:      layout_rooms, serial_shops, nicolae_lakefront_shop
D:3:      layout_rooms, chequers_serial_rivers_small_3, st_stairs_14

Skill      XL: |  1  2  3  4 |
---------------+-------------+-----
Short Blades   | 2 3 |  3.1
Fighting       | 1 |  1.0
Dodging        | |  2.9
Stealth        | |  4.5
Spellcasting   | |  2.4
Hexes          | |  3.2

Action                   |  1- 3 |  4- 6 || total
-------------------------+-------+-------++-------
Melee: Dagger            |    58 |    14 ||    72
       Punch             |     2 |       ||     2
 Stab: Sleeping          |    18 |     5 ||    23
       Distracted        |     1 |       ||     1
Armor: Robe              |     6 |     1 ||     7
Dodge: Dodged            |    15 |     7 ||    22

Table legend: (Time is in decaauts)
 A = Elapsed time spent in this place.
 B = Non-inter-level travel time spent in this place.
 C = Inter-level travel time spent in this place.
 D = Time resting spent in this place.
 E = Time spent auto-exploring this place.
 F = Levels seen in this place.
 G = Mean time per level.
                   A        B        C        D        E       F      G
               +--------+--------+--------+--------+--------+-----+--------+
         Total |   1835 |   1808 |     27 |    503 |   1107 |   3 |  611.7 |
       Dungeon |   1835 |   1808 |     27 |    503 |   1107 |   3 |  611.7 |
               +--------+--------+--------+--------+--------+-----+--------+

Top non-repeatable levels by time:
     D:1: 1310 daAuts
     D:2: 520 daAuts
     D:3: 4 daAuts
